Map: Magannatha LE

Players

Randstone - Winner!

  • Race: Protoss Protoss
  • League: Master
  • Spawn Location: 5:00

sugubatul

  • Race: Zerg Zerg
  • League: Master
  • Spawn Location: 11:00

VOD

Have the link to the VOD?

Description

Time

  • Played on: Oct. 12, 2025, 1:08 p.m.
  • Length: 17:23
Show
View Real Time Build Order
Export as new Build Order

Randstone Protoss - Winner!

Build Orders:  

Get SALT Encoding   

  12  0:00  Probe  
  13  0:13  Probe  
  14  0:19  Pylon  
  14  0:25  Probe  
  15  0:33  Probe  
  15  0:42  Probe  
  16  0:43  Gateway  
  17  0:55  Gateway  
  17  1:00  Pylon  
  17  1:01  Probe  
  18  1:09  Probe  
  19  1:19  Gateway  
  19  1:23  Assimilator  
  19  1:31  Zealot  
  21  1:42  Zealot  
  23  1:58  Zealot  
  23  2:01  Pylon  
  25  2:03  Assimilator  
  25  2:06  Probe  
  25  2:07  Zealot  
  28  2:09  Zealot  
  30  2:20  Pylon  
  30  2:26  Zealot  
  32  2:31  Probe  
  33  2:37  Zealot  
  33  2:42  Zealot  
  33  2:43  Probe  
  38  2:56  Probe  
  39  2:59  Cybernetics Core  
  39  3:08  Probe  
  39  3:09  Pylon  
  40  3:13  Zealot  
  42  3:20  Zealot  
  42  3:26  Zealot  
  42  4:12  Warp Gate  
  38  4:17  Stalker  
  38  4:19  Zealot x2  
  42  4:28  Stargate x2  
  42  4:30  Stargate  
  42  4:36  Robotics Facility  
  42  4:40  Pylon  
  42  4:56  Nexus  
  42  5:08  Gateway  
  40  6:01  Observer  
  40  6:03  Oracle x2  
  43  6:08  Assimilator  
  43  6:10  Assimilator  
  41  6:14  Pylon  
  41  6:16  Zealot x3  
  41  6:17  Zealot  
  45  6:18  Observer  
  45  6:24  Probe  
  46  6:26  Oracle  
  46  6:30  Probe  
  46  6:32  Probe  
  50  6:36  Observer  
  50  6:38  Probe  
  53  6:42  Probe  
  53  6:46  Probe  
  55  6:50  Probe  
  57  6:55  Probe  
  57  6:58  Probe, Oracle  
  58  7:03  Probe  
  63  7:12  Observer  
  63  7:14  Probe  
  65  7:24  Probe  
  65  7:26  Probe  
  65  7:29  Observer  
  67  7:32  Probe  
  69  7:38  Zealot  
  69  7:39  Probe  
  69  7:40  Probe  
  69  7:42  Zealot  
  72  7:51  Probe  
  74  7:52  Probe  
  74  7:57  Observer  
  76  8:01  Oracle  
  76  8:02  Oracle  
  76  8:03  Probe  
  76  8:04  Zealot  
  85  8:11  Pylon  
  85  8:15  Observer  
  86  8:22  Pylon  
  86  8:23  Pylon  
  86  8:25  Pylon  
  86  8:29  Pylon  
  86  8:31  Pylon  
  86  8:36  Gateway x2  
  86  8:37  Pylon  
  86  8:42  Oracle  
  86  8:46  Oracle  
  92  8:52  Observer  
  93  8:59  Stalker  
  93  9:00  Zealot x2  
  93  9:02  Stalker  
  101  9:09  Observer  
  101  9:18  Nexus  
  101  10:19  Zealot  
  101  10:20  Zealot x2  
  101  10:21  Stalker  
  103  10:23  Zealot  
  103  10:24  Zealot  
  94  10:38  Probe  
  93  10:50  Probe  
  93  10:53  Probe  
  94  10:58  Probe  
  94  11:01  Probe  
  94  11:02  Probe  
  96  11:06  Probe  
  96  11:10  Probe  
  99  11:11  Probe  
  99  11:16  Probe  
  101  11:20  Probe  
  101  11:23  Forge, Probe  
  104  11:25  Forge  
  104  11:26  Nexus  
  104  11:28  Probe  
  104  11:31  Probe  
  104  11:32  Cybernetics Core  
  114  11:34  Probe  
  114  11:36  Void Ray  
  114  11:38  Void Ray  
  114  11:39  Probe x2  
  115  11:40  Assimilator  
  115  11:43  Probe  
  115  11:45  Assimilator  
  118  11:47  Probe x2  
  115  12:12  Stalker  
  115  12:13  Stalker x2  
  115  12:14  Stalker  
  116  12:58  Void Ray x3  
  128  13:05  Probe  
  128  13:08  Probe  
  129  13:14  Probe  
  129  13:16  Probe  
  130  13:20  Assimilator  
  130  13:23  Probe, Protoss Ground Weapons Level 1, Assimilator  
  130  13:26  Probe  
  133  13:35  Probe  
  133  13:38  Probe  
  135  13:48  Probe  
  135  13:49  Probe  
  133  13:57  Probe  
  133  14:00  Probe  
  135  14:05  Probe  
  135  14:08  Probe  
  136  14:12  Probe  
  136  14:16  Probe  
  138  14:17  Probe  
  138  14:19  Probe  
  142  14:24  Probe  
  142  14:26  Probe  
  142  14:27  Probe  
  142  14:29  Probe, Observer  
  145  14:36  Probe  
  145  14:37  Probe  
  145  14:38  Probe  
  147  14:39  Probe  
  147  14:41  Protoss Air Armor Level 1, Protoss Air Weapons Level 1  
  148  14:46  Observer  
  148  14:47  Probe  
  148  14:48  Probe  
  148  14:49  Probe  
  148  14:50  Probe  
  152  14:53  Stalker x2  
  152  14:54  Stalker x3  
  152  14:55  Stalker, Probe  
  165  15:00  Probe  
  165  15:01  Probe  
  167  15:07  Probe  
  168  15:19  Probe  
  144  15:59  Zealot x3  
  144  16:00  Zealot x2  
  144  16:01  Zealot  
  141  17:02  Zealot  
  141  17:03  Zealot x2  
  141  17:04  Stalker x2  
  141  17:05  Stalker  
Show
View Real Time Build Order
Export as new Build Order

sugubatul Zerg 

Build Orders: Hatch First 

Get SALT Encoding   

  12  0:00  Drone  
  13  0:08  Drone  
  14  0:16  Extractor  
  14  0:17  Drone  
  15  0:38  Hatchery  
  14  0:44  Extractor  
  14  0:46  Drone  
  15  0:54  Overlord  
  15  1:08  Spawning Pool  
  14  1:13  Drone  
  14  1:14  Drone  
  14  1:18  Drone  
  17  1:30  Overlord  
  17  1:32  Extractor  
  16  1:55  Queen x2  
  16  1:56  Zergling x2  
  16  2:00  Zergling x2  
  22  2:04  Drone  
  22  2:06  Drone  
  24  2:09  Drone  
  24  2:14  Drone  
  26  2:15  Drone  
  27  2:26  Drone  
  27  2:27  Drone  
  29  2:43  Drone  
  30  2:45  Hatchery, Drone  
  30  2:55  Queen  
  32  2:59  Drone x2  
  34  3:07  Overlord  
  34  3:11  Overlord  
  34  3:15  Drone x2  
  34  3:19  Metabolic Boost  
  35  3:28  Zergling x8  
  37  3:41  Zergling x2  
  37  3:42  Zergling x6  
  40  3:55  Queen  
  29  4:08  Zergling x2  
  29  4:09  Zergling x8  
  25  4:23  Drone  
  26  4:40  Queen  
  26  4:43  Drone x2  
  26  4:44  Drone  
  29  4:51  Zergling x2  
  29  4:52  Zergling x4  
  31  5:04  Zergling x2  
  31  5:05  Zergling x6  
  30  5:22  Zergling x2  
  30  5:23  Zergling x8  
  35  5:33  Zergling x2  
  35  5:34  Zergling x6  
  33  5:47  Zergling x4  
  29  5:58  Zergling x2  
  29  5:59  Zergling x6  
  27  6:18  Zergling x2  
  27  6:19  Zergling x8  
  32  6:31  Baneling Nest  
  31  6:44  Drone  
  31  6:45  Drone x5  
  37  7:04  Drone  
  37  7:05  Drone x6  
  44  7:14  Baneling x3  
  44  7:15  Baneling  
  44  7:23  Drone x3  
  44  7:25  Queen  
  38  7:49  Zergling x12  
  44  7:53  Lair  
  44  8:10  Hatchery  
  44  8:20  Zergling x14  
  50  8:29  Overlord  
  50  8:31  Queen  
  52  8:50  Zergling x14  
  59  9:10  Zergling x2  
  60  9:23  Zergling x4  
  60  9:24  Zergling x6, Overlord x2  
  65  9:29  Overseer  
  65  9:32  Overseer  
  65  9:36  Centrifugal Hooks  
  65  9:40  Zergling x2  
  66  9:45  Spire  
  45  10:00  Spore Crawler  
  45  10:02  Spore Crawler  
  5  10:35  Drone  
  5  10:36  Drone x7  
  10  10:50  Drone  
  10  10:51  Drone  
  10  10:52  Drone x3  
  15  10:57  Mutalisk x2  
  15  10:59  Mutalisk x3  
  25  11:41  Drone x3  
  25  11:46  Drone x3  
  31  11:53  Spawning Pool  
  16  12:41  Spore Crawler  
  16  12:42  Spore Crawler  
  16  12:43  Spore Crawler  
  16  12:44  Spore Crawler  
  6  13:05  Drone  
  6  13:06  Drone x5  
  11  13:25  Spawning Pool  
  10  13:32  Drone  
  10  13:33  Drone  
  12  14:00  Drone  
  12  14:01  Drone x2  
  15  14:19  Queen  
  16  15:03  Zergling x12  
  22  15:28  Drone  
  22  15:29  Drone x6  
  23  15:58  Drone  
  23  15:59  Drone  
  25  16:25  Spore Crawler  
  21  16:26  Spore Crawler  
  21  16:27  Spore Crawler  
  19  16:34  Spore Crawler  
  19  16:36  Spore Crawler  
  16  16:47  Drone  
Tags
 
Add a new tag
Caveats
  • Supply blocks, unpowered buildings, or Contaminate may cause inaccurate times.
  • Supply counts are checked every 10 seconds.